 Dungeon Crawl Stone Soup version 0.31.0-12-g77e489cdc1 (webtiles) character file.

Game seed: 1744020292977700849

23 hawla the Shield-Bearer (level 2, -5/27 HPs)
             Began as a Minotaur Fighter on Feb 16, 2024.
             Slain by Terence
             ... wielding a +0 trident
              (8 damage)
             ... on level 2 of the Dungeon.
             The game lasted 00:02:12 (625 turns).

hawla the Shield-Bearer (Minotaur Fighter)           Turns: 625, Time: 00:02:13

Health: -5/27      AC:  6    Str: 20    XL:     2   Next: 72%
Magic:  1/1        EV:  9    Int:  5    God:
Gold:   21         SH:  4    Dex:  9    Spells: 1/1 levels left

rFire   . . .        a - +0 war axe
rCold   . . .        c - +0 buckler
rNeg    . . .        b - +0 scale mail
rPois   +            (helmet restricted)
rElec   .            (no cloak)
rCorr   .            (no gloves)
SInv    .            (no boots)
Will    .....        (no amulet) Stlth
                     (no ring)
HPRegen 0.24/turn    (no ring)
MPRegen 0.07/turn

%: no passive effects
@: no status effects
A: horns 2, retaliatory headbutt, poison resistance, inability to read after
injury 1
a: no special abilities


You were on level 2 of the Dungeon.
You visited 1 branch of the dungeon, and saw 2 of its levels.

You collected 21 gold pieces.

Inventory:

Hand Weapons
 a - a +0 war axe (weapon)
Armour
 b - a +0 scale mail (worn)
 c - a +0 buckler (worn)
Scrolls
 e - a scroll of teleportation {unknown}
 g - 2 scrolls of noise
 h - a scroll of blinking {unknown}
 j - a scroll of vulnerability {unknown}
Potions
 d - a potion of might


   Skills:
 - Level 4.0 Fighting
 - Level 2.4 Axes
 - Level 3.6 Armour
 + Level 4.6 Shields


You had one spell level left.
You didn't know any spells.
Your spell library was empty.

Dungeon Overview and Level Annotations

Branches:
Dungeon (2/15)

Altars:

Annotations:
D:2 Terence


Innate Abilities, Weirdness & Mutations

You have a pair of horns on your head.
You reflexively headbutt those who attack you in melee.
Your system is resistant to poisons. (rPois)
You occasionally lose the ability to read scrolls when taking damage.


Message History

A goblin comes into view. It is wielding a +0 dagger.
The goblin shouts!
You hit the rat. You headbutt the rat.
You kill the rat!
Terence shouts, "DIE!!!"
Terence hits you with a +0 trident. The endoplasm freezes you.
You are frozen.
You see here a rat corpse.
You hit Terence but do no damage. You hit the endoplasm but do no damage.
The endoplasm hits you but does no damage.
Terence hits you with a +0 trident.
You barely miss Terence. Your headbutt misses Terence.
You hit the endoplasm but do no damage. The endoplasm freezes you.
You are frozen.
Terence barely misses you. Terence hits you with a +0 trident.
* * * LOW HITPOINT WARNING * * *
The endoplasm hits you but does no damage.
As you read the scroll labelled XESTUZ CUPHIYBI, it crumbles to dust.
You hear a loud clanging noise!
It was a scroll of noise.
You hear an angry hiss.
The goblin hits you with a +0 dagger.
* * * LOW HITPOINT WARNING * * *
Terence closely misses you. You furiously retaliate!
You headbutt Terence!
The endoplasm hits you but does no damage.
It was a potion of mutation.
You feel extremely strange.
You occasionally lose the ability to read scrolls when taking damage.
You feel resistant to poisons. Terence hits you with a +0 trident.
* * * LOW HITPOINT WARNING * * *
The goblin barely misses you. You furiously retaliate!
You headbutt the goblin!
You kill the goblin!
The endoplasm barely misses you.
It was a potion of curing.
You feel better. Terence hits you with a +0 trident!
* * * LOW HITPOINT WARNING * * *
The endoplasm hits you but does no damage.
Terence hits you from afar with a +0 trident!
You die...
Terence says, "That felt goooood."

#.#...# ######
#)#.### #.....
#.#.# ....##
#.#.# ...# #.#.#
##.#####.#.#
#........#.#
######..#######.#
#......@#<.# #.#
#....J†!##.####.#
#....@).##......#
#.......#########
#........
........###
##......#
#......# .......#


You could see Terence and an endoplasm.

Vanquished Creatures
  2 dart slugs (D:1)
  3 ball pythons (D:1)
  A giant cockroach (D:1)
  2 goblins
  3 jackals (D:1)
  2 bats (D:1)
  4 rats
  A spectral hobgoblin (D:1)
18 creatures vanquished.

Notes
Turn   | Place    | Note
-------+----------+-------------------------------------------
     0 | D:1      | hawla the Minotaur Fighter began the quest for the Orb.
     0 | D:1      | Reached XP level 1. HP: 19/19 MP: 0/0
    72 | D:1      | Reached XP level 2. HP: 26/27 MP: 1/1
   385 | D:1      | Found a faded altar of an unknown god.
   615 | D:2      | Noticed Terence
   623 | D:2      | Gained mutation: You occasionally lose the ability to read
                  | scrolls when taking damage. [potion of mutation]
   623 | D:2      | Gained mutation: Your system is resistant to poisons.
                  | (rPois) [potion of mutation]
   625 | D:2      | Slain by Terence

Illustrated notes

Levels and vault maps discovered:
D:1:      eino_arrival_cavern_d, layout_loops_ring,
          dreamdust_ecumenical_altar_drowned_temple
D:2:      layout_basic, basic_altar, uniq_robin, uniq_terence, uniq_natasha

Skill      XL: |  1 |
---------------+----+-----
Fighting       | 4 |  4.0
Shields        | 4 |  4.6
Axes           | |  2.4
Armour         | |  3.6

Action                     || total
---------------------------++-------
  Melee: War axe           ||    43
         Headbutt          ||     9
    Use: Potion            ||     2
         Scroll            ||     1
 Armour: Scale mail        ||    53
  Dodge: Dodged            ||    24
  Block: Buckler           ||    15
